 Seeded DCSS version 0.31-a0-128-g25add195a6 (webtiles) character file.

Game seed: 10374401916855258678 (custom seed)

231 Pimp the Insei (level 6, -2/41 HPs)
             Began as an Octopode Transmuter on June 1, 2023.
             Slain by a gnoll bouda
             ... wielding a +0 club
              (9 damage)
             ... on level 4 of the Dungeon.
             The game lasted 00:09:01 (3680 turns).

Pimp the Insei (Octopode Transmuter)                Turns: 3680, Time: 00:09:02

Health: -2/41      AC:  1    Str:  9    XL:     6   Next: 4%
Magic:  5/10       EV: 14    Int: 15    God:
Gold:   847        SH:  0    Dex: 15    Spells: 2/11 levels left

rFire   . .          .
                       - Unarmed
rCold   + . .        (no shield)
rNeg    . . .        (helmet restricted)
rPois   .            (no amulet)
rElec   .            j - ring of protection from cold
rCorr   .            (no ring)
SInv    .            (no ring)
Will    .....        (no ring)
Stlth   ++           (no ring)
HPRegen 0.26/turn    (no ring)
MPRegen 0.12/turn    (no ring)
                     (no ring)

%: no passive effects
@: weakened, wereblooded
A: almost no armour, amphibious, 8 rings, camouflage 1, gelatinous body 1,
(nimble swimmer 1), tentacles
a: no special abilities


You were on level 4 of the Dungeon.
You visited 1 branch of the dungeon, and saw 4 of its levels.

You collected 847 gold pieces.

Inventory:

Magical Staves
 m - a staff of earth
Jewellery
 f - a ring of resist corrosion
 j - a ring of protection from cold (left tentacle)
Scrolls
 h - 2 scrolls of identify
 l - a scroll of magic mapping
Potions
 a - a potion of lignification
 b - a potion of haste {unknown}
 c - 3 potions of curing
 d - 3 potions of brilliance {unknown}
 e - a potion of degeneration {unknown}
 g - a potion of mutation {unknown}
 k - 3 potions of might {unknown}
 n - 2 potions of cancellation {unknown}


   Skills:
 + Level 2.5 Fighting
 + Level 3.2 Dodging
 + Level 3.9 Unarmed Combat
 + Level 3.0 Spellcasting
 + Level 0.8 Hexes
 + Level 3.1 Transmutations


You had 2 spell levels left.
You knew the following spells:

 Your Spells              Type           Power      Damage    Failure   Level
a - Beastly Appendage     Tmut           22%        N/A       5%          1
b - Spider Form           Tmut/Pois      6%         N/A       32%         3
c - Wereblood             Tmut           11%        N/A       9%          2
d - Confusing Touch       Hex            4%         N/A       41%         3

Your spell library contained the following spells:

 Spells                   Type           Power      Damage    Failure   Level
 Slow                     Hex            16%        N/A       14%         1
 Lesser Beckoning         Tloc           4%         N/A       30%         2
 Vampiric Draining        Necr           2%         2d6       52%         3
 Ice Form                 Ice/Tmut       6%         N/A       71%         4
 Anguish                  Hex/Necr       1%         N/A       86%         4
 Malign Gateway           Summ/Tloc      1%         N/A       100%        7


Dungeon Overview and Level Annotations

Branches:
Dungeon (4/15)
 Temple: D:4-7

Altars:

Shops:
D:1 !   D:2 *


Innate Abilities, Weirdness & Mutations

You cannot wear most types of armour.
You are amphibious.
You can wear up to eight rings at the same time.
Your skin changes colour to match your surroundings (Stealth+).
Your rubbery body absorbs attacks. (AC +1, EV +1)
((You are camouflaged when in or above water. (Stealth+)))
You have tentacles for arms and can constrict up to eight enemies at once.


Message History

You grab the kobold.
The kobold is moderately wounded.
You constrict the kobold.
You feel a bit better.
You kill the kobold!
You tentacle-slap the gnoll bouda but do no damage.
Your grab misses the gnoll bouda.
You pierce the gnoll bouda, but do no damage.
The gnoll bouda gazes fiercely through you!
You feel as though you will be weak longer.
The gnoll bouda hits you with a +0 club.
You tentacle-slap the gnoll bouda but do no damage.
You grab the gnoll bouda.
You squeeze the gnoll bouda, but do no damage.
You constrict the gnoll bouda, but do no damage.
The gnoll bouda hits you with a +0 club.
You tentacle-slap the gnoll bouda.
Your tentacle spike misses the gnoll bouda.
The gnoll bouda is lightly wounded.
You howl as the wereblood boils in your veins!
Your tentacle spike disappears.
You constrict the gnoll bouda.
The gnoll bouda hits you with a +0 club!
* * * LOW HITPOINT WARNING * * *
You tentacle-slap the gnoll bouda but do no damage.
You squeeze the gnoll bouda, but do no damage.
The gnoll bouda is lightly wounded.
You constrict the gnoll bouda.
Casting: Wereblood (safe; 9% risk of failure)
Confirm with . or Enter, or press ? or * to list all spells.
Your blood is freshly infused with primal strength!
You constrict the gnoll bouda, but do no damage.
The gnoll bouda barely misses you.
You tentacle-slap the gnoll bouda.
The gnoll bouda is lightly wounded.
You constrict the gnoll bouda.
The gnoll bouda hits you with a +0 club!
* * * LOW HITPOINT WARNING * * *
You feel better.
You constrict the gnoll bouda.
The gnoll bouda hits you with a +0 club!
You die...

##)............#
#......##.##.#.#
#..###.##.##.# .
#. #†##.##.#
#.##.##.#
###.##.##.#
..#....##.#
#.###..##.# #.
#..##@#
#.###..##g# #
#......##g#
#.#..##.###.#
#.>....K....#
###..##.###.......
#.)##.....######
#..##.#####
#(.##g#


You could see a gnoll bouda and a gnoll (swift).

Vanquished Creatures
  An ogre (D:4)
  Terence (D:3)
  Robin (D:2)
  3 adders
  A worm (D:4)
  3 dart slugs
  2 orcs (D:3)
  6 ball pythons
  7 giant cockroaches
  14 hobgoblins
  4 kobolds
  4 quokkas
  2 bats (D:2)
  2 frilled lizards
  12 goblins
  5 rats
68 creatures vanquished.

Notes
Turn   | Place    | Note
-------+----------+-------------------------------------------
     0 | D:1      | Pimp the Octopode Transmuter began the quest for the Orb.
     0 | D:1      | Reached XP level 1. HP: 13/13 MP: 3/3
   102 | D:1      | Found Voal's Distillery.
   114 | D:1      | Reached XP level 2. HP: 4/18 MP: 3/5
   465 | D:1      | Got the Secrets of Geometries and the Curse
   796 | D:2      | Reached XP level 3. HP: 23/23 MP: 4/6
   974 | D:2      | Learned a level 3 spell: Spider Form
   977 | D:2      | Learned a level 2 spell: Wereblood
  1127 | D:2      | Noticed Robin
  1369 | D:2      | Killed Robin
  1373 | D:2      | Reached XP level 4. HP: 19/29 MP: 7/7
  1479 | D:2      | Found a faded altar of an unknown god.
  1650 | D:2      | Found Urphatuci's General Store.
  2385 | D:3      | Identified a scroll of acquirement
  2385 | D:3      | Acquired 634 gold pieces
  2673 | D:3      | Identified the +1 pair of boots of the Unseen Realm {rElec
                  | Int+4 Dex-4}
  2922 | D:3      | Noticed Terence
  2935 | D:3      | Killed Terence
  2936 | D:3      | Reached XP level 5. HP: 23/34 MP: 6/9
  3642 | D:4      | Learned a level 3 spell: Confusing Touch
  3650 | D:4      | Noticed an ogre
  3671 | D:4      | Killed an ogre
  3672 | D:4      | Reached XP level 6. HP: 29/41 MP: 6/10
  3679 | D:4      | HP: 2/41 [gnoll bouda/+0 club (10)]
  3680 | D:4      | Slain by a gnoll bouda

Illustrated notes

Levels and vault maps discovered:
D:1:      minmay_arrival_cross, layout_basic, serial_shops, shop_statue,
          minmay_octomino_j4
D:2:      layout_basic, shapermc_ecumenical_altar_ellora, serial_shops, shop,
          uniq_robin
D:3:      mumra_celtic_spiral_tile, layout_loops_corners, uniq_terence
D:4:      layout_loops_ring, nicolae_uskayaw_suspiria, serial_shops,
          nicolae_square_shop

Skill      XL: |  1  2  3  4  5 |
---------------+----------------+-----
Fighting       | 2 |  2.5
Dodging        | 3 |  3.2
Spellcasting   | 3 |  3.0
Transmutations | 3 |  3.1
Unarmed Combat | |  3.9
Hexes          | |  0.8

Action                     |  1- 3 |  4- 6 || total
---------------------------+-------+-------++-------
  Melee: Unarmed           |    66 |    87 ||   153
         Constrict         |    21 |    28 ||    49
         Tentacles         |    10 |    17 ||    27
         Kick              |    13 |    13 ||    26
         Punch             |     2 |     3 ||     5
  Throw: Dart              |     5 |    40 ||    45
   Cast: Beastly Appendage |    17 |     7 ||    24
         Wereblood         |       |     2 ||     2
    Use: Scroll            |       |     7 ||     7
         Potion            |       |     1 ||     1
   Stab: Sleeping          |     4 |       ||     4
         Invisible         |       |     4 ||     4
 Armour: Skin              |     4 |     4 ||     8
  Dodge: Dodged            |    40 |    52 ||    92

Table legend: (Time is in decaauts)
 A = Elapsed time spent in this place.
 B = Non-inter-level travel time spent in this place.
 C = Inter-level travel time spent in this place.
 D = Time resting spent in this place.
 E = Time spent auto-exploring this place.
 F = Levels seen in this place.
 G = Mean time per level.
                   A        B        C        D        E       F      G
               +--------+--------+--------+--------+--------+-----+--------+
         Total |   3670 |   3316 |    354 |    506 |   2271 |   4 |  917.5 |
       Dungeon |   3670 |   3316 |    354 |    506 |   2271 |   4 |  917.5 |
               +--------+--------+--------+--------+--------+-----+--------+

Top non-repeatable levels by time:
     D:2: 1408 daAuts
     D:3: 1350 daAuts
     D:1: 789 daAuts
     D:4: 121 daAuts
